AoeStats
← TM Caesar

Arena

508314463Analyzed
1v1 RM · 11d ago on Sep 21, 2026· 47m 14s· 2 players
Game mode
Random Map
Map size
Tiny (2 player)
Population
200
Speed
Normal
Resources
Standard
Victory
Conquest
Starting age
Dark Age
Ending age
Imperial Age
RankedLock teamsTeams togetherTeam positionsShared explorationLock speedFull tech treeHidden civsTurbo modeCheats
Victory
Defeat
🇺🇸 Wei · United States
1578
+19
🇦🇷 Malay · Argentina
1638
-19
Math Masterson
9:06 Feudal Age
9:35 Horse Collar
9:41 Double-Bit Axe
16:15 Castle Age
14:44 Gold Mining
17:22 Bow Saw
18:59 Wheelbarrow
22:31 Stone Mining
23:17 Gold Shaft Mining
27:20 Imperial Age
24:54 Fletching
26:41 Ballistics
26:17 Bodkin Arrow
26:43 Bloodlines
27:02 Hand Cart
27:35 Husbandry
28:22 Bracer
29:08 Scale Barding Armor
28:27 Elite Skirmisher
29:44 Heavy Plow
30:04 Padded Archer Armor
30:09 Loom
31:44 Leather Archer Armor
33:26 Chemistry
34:08 Ring Archer Armor
34:34 Chain Barding Armor
34:39 Forging
34:18 Pikeman
35:12 Scale Mail Armor
37:22 Iron Casting
36:29 Halberdier
38:19 Chain Mail Armor
38:50 Squires
41:33 Conscription
41:14 Tuntian
42:21 Parthian Tactics
43:08 Ming Guang Armor
42:35 Light Cavalry
44:22 Crop Rotation
43:58 Arson
46:36 Blast Furnace
TM Caesar
8:53 Feudal Age
8:29 Double-Bit Axe
8:25 Horse Collar
17:22 Castle Age
18:58 Squires
22:04 Forging
22:37 Bow Saw
24:26 Wheelbarrow
27:57 Imperial Age
25:15 Loom
25:22 Pikeman
26:43 Ballistics
27:03 Hand Cart
26:49 Fletching
27:05 Gold Mining
27:30 Bodkin Arrow
27:08 Crossbowman
29:06 Chemistry
28:30 Bracer
28:38 Padded Archer Armor
28:45 Arbalester
29:37 Town Watch
30:21 Leather Archer Armor
30:44 Conscription
31:05 Thumb Ring
31:47 Ring Archer Armor
30:45 Elite Skirmisher
31:10 Halberdier
32:46 Iron Casting
33:07 Scale Barding Armor
33:03 Treadmill Crane
34:39 Husbandry
37:07 Blast Furnace
37:57 Heavy Plow
39:31 Masonry
40:01 Elite Battle Elephant
Connection lost

Rejoining the realm…

Still unreachable

The connection could not be restored.

Session expired

The server has moved on; the page needs a fresh start.